 Dungeon Crawl Stone Soup version 0.26-a0-778-g3fe0686644 (webtiles) character file.

Game seed: 11163257146155903937

310 strifetoe the Cleaver (level 6, -9/51 HPs)
             Began as a Hill Orc Fighter on Nov 11, 2020.
             Was a Follower of Beogh.
             Mangled by an ogre
             ... wielding a +0 giant spiked club
              (12 damage)
             ... on level 5 of the Dungeon.
             The game lasted 00:06:00 (4459 turns).

strifetoe the Cleaver (Hill Orc Fighter)            Turns: 4459, Time: 00:06:01

Health: -9/51      AC:  6    Str: 27    XL:     6   Next: 41%
Magic:  7/7        EV:  7    Int:  8    God:    Beogh [*.....]
Gold:   125        SH: 10    Dex: 10    Spells: 5/5 levels left

rFire    . . .     SeeInvis .   a - +0 war axe
rCold    . . .     Faith    .   c - +0 kite shield
rNeg     . . .     Spirit   .   b - +0 scale mail
rPois    +         Reflect  .   (no helmet)
rElec    .         Harm     .   (no cloak)
rCorr    .         Rampage  .   (no gloves)
MR       .....                  (no boots)
Stlth    ..........             (no amulet)
HPRegen  0.17/turn              y - +6 ring of strength
MPRegen  0.10/turn              p - ring of poison resistance

@: flying
A: no striking features
a: Renounce Religion


You were on level 5 of the Dungeon.
You worshipped Beogh.
Beogh was aware of your devotion.
You visited 1 branch of the dungeon, and saw 5 of its levels.

You collected 185 gold pieces.
You spent 60 gold pieces at shops.

Inventory:

Hand Weapons
 a - a +0 war axe (weapon)
 u - a +0 trident
Armour
 b - a +0 scale mail (worn)
 c - a +0 kite shield (worn)
Jewellery
 e - an uncursed ring of stealth
 p - a ring of poison resistance (right hand)
 y - a +6 ring of strength (left hand)
Wands
 l - a wand of acid (15)
 x - a wand of flame (17)
Scrolls
 f - 2 scrolls of identify
 g - 2 scrolls of enchant weapon {unknown}
 h - 3 scrolls of blinking {unknown}
 k - a scroll of teleportation {unknown}
 m - 4 scrolls of remove curse
 n - 2 scrolls of amnesia {unknown}
 r - a scroll of immolation {unknown}
 s - a scroll of fear {unknown}
 t - 2 scrolls of fog {unknown}
 v - 4 scrolls of random uselessness {unknown}
Potions
 d - a potion of might
 i - 2 potions of berserk rage
 j - 2 potions of magic
 q - a potion of attraction {unknown}
 w - a potion of curing {unknown}
 z - a potion of ambrosia {unknown}
 A - a potion of resistance {unknown}


   Skills:
 - Level 3.6 Fighting
 + Level 8.2 Axes
 - Level 3.2 Armour
 - Level 3.2 Shields
 + Level 2.4 Invocations


You had 5 spell levels left.
You didn't know any spells.
Your spell library was empty.

Dungeon Overview and Level Annotations

Branches:
Dungeon (5/15)
 Temple: D:4-7

Altars:
Ashenzari
Okawaru
Ru
The Shining One

Shops:
D:4 *

Annotations:
D:3 2 transporters, Tarmasundar's ghost, amateur MiBe


Message History

The orc wizard blinks!
A jackal zombie comes into view.
A worm comes into view.
Found a scroll of remove curse and a robe.
The orc wizard gestures wildly while chanting.
The orc wizard blinks!
The orc wizard looks braver for a moment.
The orc wizard casts a spell.
The orc wizard flickers and vanishes!
Deactivating autopickup; reactivate with Ctrl-A.
Why would you want to do that? Why would you want to do that?
You enter the shallow water.
Moving in this stuff is going to be slow.
The ogre hits you with a +0 giant spiked club!!
* * * LOW HITPOINT WARNING * * *
It was a potion of flight.
You feel very buoyant.
You fly up into the air.
The ogre hits you with a +0 giant spiked club!
You die...

### #####.### ##≈≈≈≈≈≈≈##
###≈≈≈≈.≈≈≈.########
#≈≈≈≈≈≈≈≈≈≈.........
#≈≈≈≈≈≈≈≈.........
#######≈≈≈≈≈........
#.#.##≈≈≈≈..........
#####.#@##.≈≈o≈≈........ #.#
#.....#.O.oo.≈o.........
#.#######'########.Z≈≈≈≈.>......
#.#........##......≈.≈≈≈.)......
#.#........##.###...≈≈≈.........
#.#........##......≈≈≈..........
#.#######'#######.≈≈≈≈≈≈........
#.######....#####.≈≈≈≈≈.........
##.#...##....'..##.≈≈≈≈≈.........


You could see an ogre, an orc wizard, 2 orcs and a jackal zombie.

Vanquished Creatures
  A hound (D:3)
  An orc priest (D:4)
  A centaur skeleton (D:4)
  An orc wizard (D:3)
  A worker ant (D:4)
  A gnoll (D:1)
  7 adders
  An adder skeleton (D:4)
  2 worms
  2 dart slugs
  A leopard gecko (D:3)
  14 orcs
  6 bats
  3 giant cockroaches
  7 goblins
  5 hobgoblins
  9 jackals
  A quokka (D:3)
  2 ball pythons
  3 frilled lizards
  6 kobolds
  A quokka skeleton (D:5)
  7 rats
83 creatures vanquished.

Vanquished Creatures (others)
  An orc priest (D:4)
  3 orcs (D:4)
4 creatures vanquished.

Grand Total: 87 creatures vanquished

Notes
Turn   | Place    | Note
-------+----------+-------------------------------------------
     0 | D:1      | strifetoe the Hill Orc Fighter began the quest for the Orb.
     0 | D:1      | Reached XP level 1. HP: 19/19 MP: 1/1
    66 | D:1      | Reached skill level 3 in Axes
   203 | D:1      | Reached XP level 2. HP: 25/26 MP: 2/2
   247 | D:1      | Reached skill level 4 in Axes
   345 | D:2      | Reached XP level 3. HP: 16/31 MP: 3/3
   503 | D:2      | Reached skill level 5 in Axes
  1254 | D:2      | Reached XP level 4. HP: 29/39 MP: 4/4
  1600 | D:3      | Reached skill level 6 in Axes
  1701 | D:4      | Became a worshipper of Beogh the Brigand
  1925 | D:1      | Reached XP level 5. HP: 35/45 MP: 5/5
  2421 | D:2      | Reached skill level 7 in Axes
  3003 | D:3      | Reached * piety under Beogh
  3189 | D:3      | Found a transporter.
  3190 | D:3      | Noticed Tarmasundar's ghost (amateur MiBe)
  3208 | D:3      | Found a transporter.
  3257 | D:3      | Found a broken altar of Ashenzari.
  3506 | D:4      | Found a sacrificial altar of Ru.
  3554 | D:4      | Reached skill level 1 in Invocations
  3815 | D:4      | Reached XP level 6. HP: 51/51 MP: 6/6
  3825 | D:4      | Reached skill level 8 in Axes
  4134 | D:4      | Found Febusihu's Assorted Antiques.
  4142 | D:4      | Bought a scroll labeled VADUOT EKLA for 30 gold pieces
  4142 | D:4      | Bought a scroll labeled SECKUG IXEXUE for 30 gold pieces
  4235 | D:4      | Found an iron altar of Okawaru.
  4235 | D:4      | Found a glowing golden altar of the Shining One.
  4272 | D:5      | Entered Level 5 of the Dungeon
  4452 | D:5      | HP: 1/51 [ogre/+0 giant spiked club (25)]
  4459 | D:5      | Mangled by an ogre

Illustrated notes

Levels and vault maps discovered:
D:1:      dpeg_arrival_solitude, layout_basic
D:2:      layout_basic, guppyfry_early_orc_mine
D:3:      layout_basic, old_standard_altar, serial_glass, glass_columns_b,
          glass_columns_c, glass_columns_b, glass_columns_c, glass_columns_a,
          glass_columns_c, gammafunk_ghost_arena
D:4:      layout_cave_pools, overflow_temple_1_default,
          gammafunk_temple_overflow_elements, serial_shops, shop_statue
D:5:      layout_basic, minmay_temple_entry_glass, serial_bayou_lagoon_a,
          chequers_serial_rivers_large_a

Skill      XL: |  1  2  3  4  5  6 |
---------------+-------------------+-----
Axes           | 3 4 5 6 7 8 |  8.2
Invocations    | 1 2 |  2.4
Fighting       | |  3.6
Armour         | |  3.2
Shields        | |  3.2

Action                   |  1- 3 |  4- 6 || total
-------------------------+-------+-------++-------
Melee: War axe           |    78 |   180 ||   258
Invok: Convert to Beogh  |       |     1 ||     1
  Use: Scroll            |       |     4 ||     4
       Potion            |       |     1 ||     1
Armor: Scale mail        |    31 |    73 ||   104
Dodge: Dodged            |    21 |    40 ||    61
Block: Kite shield       |    50 |    85 ||   135

Table legend: (Time is in decaauts)
 A = Elapsed time spent in this place.
 B = Non-inter-level travel time spent in this place.
 C = Inter-level travel time spent in this place.
 D = Time resting spent in this place.
 E = Time spent auto-exploring this place.
 F = Levels seen in this place.
 G = Mean time per level.
                   A        B        C        D        E       F      G
               +--------+--------+--------+--------+--------+-----+--------+
         Total |   4532 |   4383 |    149 |   1390 |   2373 |   5 |  906.4 |
       Dungeon |   4532 |   4383 |    149 |   1390 |   2373 |   5 |  906.4 |
               +--------+--------+--------+--------+--------+-----+--------+

Top non-repeatable levels by time:
     D:2: 1845 daAuts
     D:1: 883 daAuts
     D:3: 820 daAuts
     D:4: 793 daAuts
     D:5: 190 daAuts
